 Dungeon Crawl Stone Soup version 0.28-a0-1493-g08698888e4 (webtiles) character file.

Game seed: 12298101924308670170

5259 mopl the Unseen (level 10, -11/60 HPs)
             Began as an Octopode Brigand on Jan 11, 2022.
             Was an Initiate of Dithmenos.
             Mangled by a boulder beetle (22 damage)
             ... on level 9 of the Dungeon on Jan 12, 2022.
             The game lasted 00:20:27 (12449 turns).

mopl the Unseen (Octopode Brigand)                 Turns: 12449, Time: 00:20:28

Health: -11/60     AC:  1    Str: 10    XL:     10   Next: 62%
Magic:  10/10      EV: 12    Int: 13    God:    Dithmenos [......]
Gold:   152        SH:  6    Dex: 19    Spells: 8/9 levels left

rFire   . . .      SeeInvis .   a - +1 dagger (venom)
rCold   + . .      Faith    .   t - +0 buckler
rNeg    . . .      Spirit   .   (helmet restricted)
rPois   .          Reflect  .   (no amulet)
rElec   .          Harm     .   m - ring of protection from cold
rCorr   .          Rampage  .   (no ring)
Will    .....                   (no ring)
Stlth   +++++++...              (no ring)
HPRegen 0.20/turn               (no ring)
MPRegen 0.12/turn               (no ring)
                                (no ring)
                                (no ring)

@: about to teleport
A: almost no armour, amphibious, 8 rings, camouflage 1, gelatinous body 1,
(nimble swimmer 1), tentacles
a: Renounce Religion


You were on level 9 of the Dungeon.
You worshipped Dithmenos.
Dithmenos was noncommittal.
You visited 2 branches of the dungeon, and saw 10 of its levels.
You also visited: Ossuary.

You collected 428 gold pieces.
You spent 276 gold pieces at shops.

Inventory:

Hand Weapons
 a - a +1 dagger of venom (weapon)
 b - the +7 whip "Inwigg" {venom, rPois}
   (You found it on level 3 of the Dungeon)

   It poisons the flesh of those it strikes.
   rPois:     It protects you from poison.
 o - a +0 falchion
 q - a +2 dagger
 A - a +0 dagger of flaming
 H - a +1 dagger of holy wrath
Missiles
 c - 4 curare-tipped darts
 d - 227 stones
 g - 102 sling bullets
 l - 41 poisoned darts (quivered)
 L - 2 boomerangs
Armour
 t - a +0 buckler (worn)
Jewellery
 m - a ring of protection from cold (left tentacle)
Wands
 p - a wand of flame (72)
 G - a wand of paralysis (10)
 J - a wand of iceblast (8)
 N - a wand of mindburst (12)
Scrolls
 i - 3 scrolls of enchant weapon {unknown}
 k - 3 scrolls of teleportation
 n - 3 scrolls of noise {unknown}
 s - 3 scrolls of amnesia {unknown}
 u - a scroll of holy word {unknown}
 v - 3 scrolls of fear {unknown}
 y - 3 scrolls of immolation {unknown}
 z - a scroll of blinking {unknown}
 C - 2 scrolls of silence {unknown}
 F - 3 scrolls of enchant armour
 K - a scroll of vulnerability {unknown}
 M - a scroll of fog
Potions
 e - a potion of might
 f - 4 potions of heal wounds
 h - 2 potions of ambrosia
 j - 2 potions of curing
 r - 3 potions of berserk rage {!q}
 w - a potion of brilliance {unknown}
 x - a potion of attraction
 B - a potion of flight
 D - 3 potions of resistance
 I - a potion of cancellation


   Skills:
 + Level 2.1 Fighting
 - Level 3.0(5.3) Short Blades
 + Level 6.9(7.3) Long Blades
 + Level 7.6 Throwing
 + Level 1.2 Dodging
 + Level 15.4 Stealth
 - Level 4.0 Shields


You had 8 spell levels left.
You knew the following spells:

 Your Spells              Type           Power      Damage    Failure   Level
a - Apportation           Tloc           0%         N/A       36%         1

Your spell library contained the following spells:

 Spells                   Type           Power      Damage    Failure   Level
 Animate Skeleton         Necr           0%         N/A       36%         1
 Foxfire                  Conj/Fire      0%         2x1d4     36%         1
 Summon Small Mammal      Summ           0%         N/A       36%         1
 Conjure Flame            Conj/Fire      0%         6-21      75%         3
 Inner Flame              Hex/Fire       0%         N/A       75%         3
 Summon Guardian Golem    Hex/Summ       0%         N/A       75%         3
 Flame Wave               Conj/Fire      0%         2d4       98%         4
 Orb of Destruction       Conj           0%         N/A       100%        7
 Spellforged Servitor     Conj/Summ      0%         N/A       100%        7


Dungeon Overview and Level Annotations

Branches:
Dungeon (9/15)             Temple (1/1) D:6            Lair (0/6) D:8
Ossuary (visited)
    Orc: D:9-12

Altars:
Ashenzari
Cheibriados
Dithmenos
Fedhas
Gozag
Hepliaklqana
Nemelex Xobeh
Okawaru
Qazlal
Ru
Sif Muna
Trog
Uskayaw
Vehumet
Wu Jian
Xom
Yredelemnul
The Shining One
Jiyva

Shops:
D:1 ((*(?

Annotations:
D:2 1 runed translucent door, Crazy Yiuf
D:8 2 transporters


Innate Abilities, Weirdness & Mutations

You cannot wear most types of armour.
You are amphibious.
You can wear up to eight rings at the same time.
Your skin changes colour to match your surroundings (Stealth+).
Your rubbery body absorbs attacks. (AC +1, EV +1)
((You are camouflaged when in or above water. (Stealth+)))
You have tentacles for arms and can constrict up to eight enemies at once.


Message History

You kill the centaur!
Dithmenos accepts your kill.
Things that are here:
a +0 shortbow; 13 arrows; a centaur corpse You now have enough gold to buy a scroll of enchant armour on D:1.
You can access your shopping list by pressing '$'.
You now have 108 gold pieces (gained 15).
j - 2 potions of curing (gained 1)
A centaur comes into view.
The helpless centaur fails to defend itself.
You perforate the centaur like a sieve!!!!
You kill the centaur!
Dithmenos accepts your kill.
Things that are here:
a +0 shortbow; 24 arrows; a centaur corpse You now have 122 gold pieces (gained 14).
You now have enough gold to buy a runed dagger on D:1.
You can access your shopping list by pressing '$'.
You now have 136 gold pieces (gained 14).
Things that are here:
a +0 shortbow; 13 arrows; a centaur corpse You see here a +0 ring mail.
You now have 152 gold pieces (gained 16).
You see here 16 arrows.
A centaur comes into view.
A boulder beetle comes into view.
Found a quarterstaff.
The centaur shouts!
The centaur hits you. The centaur kicks you.
You hit the centaur.
The centaur is poisoned.
You squeeze the centaur.
The centaur is moderately wounded.
You block the centaur's attack. x2; The centaur hits you.
The centaur kicks you.
The centaur wields a +0 shortbow.
The centaur shoots an arrow.
The arrow completely misses you. The boulder beetle bites you!!
The centaur shoots an arrow.
The arrow hits you!
* * * LOW HITPOINT WARNING * * *
The boulder beetle leaps!
As you read the scroll of teleportation, it crumbles to dust.
You feel strangely unstable. The boulder beetle bites you!!
You die...

####### ##.B.c.#
#.@#...# #######
###.##...# #......
#...#.....# #.#####
#.###..)..# #.# #.#
##...### #.#
#.########.####.#####
#......##.#..........
###.##.#.###....#####
#.##.##.#..####


You could see a boulder beetle and a centaur (very poisoned).

Vanquished Creatures
  An unseen horror (D:8)
  Grinder (D:6)
  A hornet (D:8)
  Sigmund (D:3)
  A yak (D:7)
  2 wyverns (D:8)
  2 wraiths (Ossuary)
  2 basilisks (D:8)
  Edmund (D:5)
  3 water moccasins
  3 orc warriors
  An ice beast (D:7)
  2 sky beasts
  A black bear (D:6)
  An ogre (D:2)
  5 centaurs
  2 kobold brigands
  3 scorpions
  2 wyvern zombies
  A bullfrog (D:8)
  2 water moccasin zombies (D:5)
  2 killer bees (D:8)
  4 wights (Ossuary)
  6 jellies
  2 howler monkeys
  2 centaur zombies
  4 orc priests
  A bullfrog skeleton (D:7)
  4 iguanas
  5 orc wizards
  A hound zombie (D:3)
  A howler monkey zombie (D:4)
  Robin (D:2)
  10 adders
  6 white imps
  2 ufetubi
  A worm (D:4)
  26 orcs
  8 bats
  9 endoplasms
  4 giant cockroaches
  10 goblins
  9 hobgoblins
  3 jackals (D:3)
  16 kobolds
  2 quokkas (D:2)
  4 ball pythons
  A ball python skeleton (Ossuary)
  2 frilled lizards
  A hobgoblin skeleton (Ossuary)
  2 kobold zombies (Ossuary)
  An orc zombie (Ossuary)
  3 rats
191 creatures vanquished.

Vanquished Creatures (others)
  5 fungi (D:8)
5 creatures vanquished.

Grand Total: 196 creatures vanquished

Notes
Turn   | Place    | Note
-------+----------+-------------------------------------------
     0 | D:1      | mopl the Octopode Brigand began the quest for the Orb.
     0 | D:1      | Reached XP level 1. HP: 14/14 MP: 1/1
    70 | D:1      | Found Umannue's Weapon Shop.
   164 | D:1      | Found Dena's Antique Weapon Shoppe.
   165 | D:1      | Found Bois's Assorted Antiques.
   235 | D:1      | Found Wauze's Antique Weapon Emporium.
   272 | D:1      | Reached XP level 2. HP: 9/19 MP: 2/2
   489 | D:1      | Found Guriogg's Magic Scroll Shoppe.
  1095 | D:1      | Bought a metallic red potion for 19 gold pieces
  1095 | D:1      | Bought an emerald potion for 19 gold pieces
  1319 | D:2      | Noticed an ogre
  1321 | D:2      | Killed an ogre
  1322 | D:2      | Reached skill level 7 in Stealth
  1322 | D:2      | Reached XP level 3. HP: 24/24 MP: 3/3
  1322 | D:2      | Reached XP level 4. HP: 29/29 MP: 4/4
  1331 | D:2      | Reached skill level 3 in Short Blades
  1504 | D:2      | Noticed Robin
  1553 | D:2      | Reached skill level 3 in Throwing
  1558 | D:2      | Reached XP level 5. HP: 33/34 MP: 5/5
  1764 | D:2      | Found a runed translucent door.
  1765 | D:2      | Noticed Crazy Yiuf
  2097 | D:2      | Killed Robin
  2617 | D:3      | Reached skill level 1 in Long Blades
  2990 | D:3      | Identified the +7 whip "Inwigg" {venom, rPois}
  2997 | D:3      | Noticed Sigmund
  3014 | D:3      | Killed Sigmund
  3015 | D:3      | Reached skill level 2 in Long Blades
  3015 | D:3      | Reached skill level 8 in Stealth
  3015 | D:3      | Reached XP level 6. HP: 39/39 MP: 6/6
  3263 | D:3      | Reached skill level 4 in Throwing
  3263 | D:3      | Reached skill level 9 in Stealth
  3263 | D:3      | Reached XP level 7. HP: 31/45 MP: 7/7
  4409 | D:4      | Reached skill level 3 in Long Blades
  4916 | D:1      | Bought 2 scrolls labelled VYALIW KOIQ for 44 gold pieces
  4916 | D:1      | Bought a silvery potion for 19 gold pieces
  4958 | D:1      | Bought a scroll of teleportation for 42 gold pieces
  5069 | D:5      | Entered Level 5 of the Dungeon
  5366 | D:5      | Reached skill level 1 in Shields
  5385 | D:5      | Reached skill level 10 in Stealth
  5637 | D:5      | Reached XP level 8. HP: 25/50 MP: 8/8
  6080 | D:5      | Noticed Edmund
  6093 | D:5      | Reached skill level 2 in Shields
  6182 | D:5      | Killed Edmund
  6183 | D:5      | Reached skill level 5 in Throwing
  6233 | D:5      | Reached skill level 11 in Stealth
  6362 | D:5      | Reached skill level 4 in Long Blades
  6403 | D:6      | Noticed Grinder
  6405 | D:6      | Killed Grinder
  6544 | D:6      | Reached skill level 3 in Shields
  6567 | D:6      | Found a staircase to the Ecumenical Temple.
  6598 | D:6      | Reached XP level 9. HP: 16/54 MP: 9/9
  6640 | D:6      | Found a sand-covered staircase.
  6683 | Ossuary  | Entered an ossuary
  6865 | Ossuary  | Reached skill level 12 in Stealth
  7106 | D:6      | Reached skill level 5 in Long Blades
  7106 | D:6      | Reached skill level 6 in Throwing
  7300 | D:6      | Reached skill level 4 in Shields
  7473 | D:6      | Found a broken altar of Ashenzari.
  7493 | Temple   | Entered the Ecumenical Temple
  7833 | D:6      | Reached skill level 13 in Stealth
  9507 | D:7      | Learned a level 1 spell: Apportation
  9527 | D:7      | Reached skill level 6 in Long Blades
  9527 | D:7      | Reached skill level 14 in Stealth
  9527 | D:7      | Reached XP level 10. HP: 56/60 MP: 10/10
  9946 | D:1      | Bought a scroll of fog for 28 gold pieces
  9946 | D:1      | Bought a scroll of enchant armour for 105 gold pieces
 10118 | D:8      | Found a snail-covered altar of Cheibriados.
 10133 | D:8      | Reached skill level 7 in Throwing
 10156 | D:8      | Found a staircase to the Lair.
 10697 | D:8      | Found a basalt altar of Yredelemnul.
 10788 | D:8      | Killed an unseen horror
 10789 | D:8      | Reached skill level 15 in Stealth
 11038 | D:8      | Found a transporter.
 11038 | D:8      | Found a viscous altar of Jiyva.
 11040 | D:8      | Noticed a great orb of eyes
 11068 | D:8      | Found a transporter.
 11662 | D:8      | Found a stormy altar of Qazlal.
 11834 | D:9      | Upgraded the game from 0.28-a0-1485-g077359a4bf to
                  | 0.28-a0-1493-g08698888e4
 12087 | D:9      | Found a shadowy altar of Dithmenos.
 12097 | D:9      | Became a worshipper of Dithmenos the Shadowed
 12442 | D:9      | Noticed a boulder beetle
 12449 | D:9      | Mangled by a boulder beetle

Illustrated notes

Levels and vault maps discovered:
D:1:      shiori_arrival_maze, layout_loops_corners, serial_shops,
          nicolae_shop_temple_entry_statues_fountains, shop_fountains, shop,
          nicolae_shop_crystal, nicolae_diamond_shop
D:2:      layout_basic, uniq_robin, uniq_crazy_yiuf_cottage
D:3:      layout_basic, uniq_sigmund
D:4:      layout_loops_corners
D:5:      layout_loops_ring, kennysheep_generic_room_13, uniq_edmund
D:6:      layout_layer_cave, mainiacjoe_overflow_24_doors,
          minmay_temple_entry_ruins, nicolae_ossuary_entry_false_entrances,
          uniq_grinder
D:7:      layout_basic
D:8:      gammafunk_jiyva_shrine, layout_basic, mainiacjoe_overflow_alcove_2,
          nicolae_qazlal_eye_of_the_storm, mainiacjoe_overflow_boulevard,
          david_lair_generic
D:9:      layout_loops_ring, nicolae_dithmenos_shadow_blocks,
          eino_small_chamber_without_monster, st_stairs_3
Temple:   oiseaux_autumnal_temple

Skill      XL: |  1  2  3  4  5  6  7  8  9 10 |
---------------+-------------------------------+-----
Stealth        | 7 8 9 10 11 14 15 | 15.4
Short Blades   | 3 |  3.0
Throwing       | 3 4 5 6 7 |  7.6
Long Blades    | 2 3 4 6 |  6.9
Shields        | 1 3 4 |  4.0
Fighting       | |  2.1
Dodging        | |  1.2

Action                   |  1- 3 |  4- 6 |  7- 9 | 10-12 || total
-------------------------+-------+-------+-------+-------++-------
Melee: Dagger            |    23 |    85 |   166 |    38 ||   312
       Constrict         |     3 |    18 |    45 |    10 ||    76
       Tentacles         |     1 |    18 |    64 |    13 ||    96
       Whip              |       |       |    73 |    38 ||   111
       Punch             |       |       |     6 |     1 ||     7
Throw: Dart              |       |    12 |     6 |    13 ||    31
Evoke: Wand              |       |       |    18 |     3 ||    21
  Use: Scroll            |       |       |       |    12 ||    12
       Potion            |       |       |       |     2 ||     2
 Stab: Sleeping          |    13 |    15 |    32 |     8 ||    68
       Paralysed         |       |       |     2 |       ||     2
       Distracted        |       |       |       |     2 ||     2
Armor: Skin              |       |     3 |     8 |    25 ||    36
Dodge: Dodged            |     5 |    38 |    82 |    26 ||   151
Block: Buckler           |       |       |    29 |    20 ||    49

Table legend: (Time is in decaauts)
 A = Elapsed time spent in this place.
 B = Non-inter-level travel time spent in this place.
 C = Inter-level travel time spent in this place.
 D = Time resting spent in this place.
 E = Time spent auto-exploring this place.
 F = Levels seen in this place.
 G = Mean time per level.
                   A        B        C        D        E       F      G
               +--------+--------+--------+--------+--------+-----+--------+
         Total |  12408 |  11353 |   1055 |   3384 |   5991 |  11 | 1128.0 |
       Dungeon |  11834 |  10804 |   1030 |   3263 |   5665 |   9 | 1314.9 |
        Temple |    226 |    202 |     24 |      0 |    189 |   1 |  226.0 |
       Ossuary |    346 |    346 |      0 |    121 |    137 |   1 |  346.0 |
               +--------+--------+--------+--------+--------+-----+--------+

Top non-repeatable levels by time:
     D:6: 1793 daAuts
     D:5: 1521 daAuts
     D:4: 1421 daAuts
     D:2: 1365 daAuts
     D:8: 1326 daAuts
     D:1: 1314 daAuts
     D:3: 1175 daAuts
     D:7: 1172 daAuts
     D:9: 745 daAuts
 Ossuary: 346 daAuts
  Temple: 226 daAuts
